 Dungeon Crawl Stone Soup version 0.31.0-7-gf635a9b802 (webtiles) character file.

Game seed: 6700943633581368087

2165 Fodor the Protected (level 9, 0/81 HPs)
             Began as a Minotaur Fighter on Jan 22, 2024.
             Slain by an iguana (8 damage)
             ... on level 6 of the Dungeon on Jan 23, 2024.
             The game lasted 00:29:42 (7659 turns).

Fodor the Protected (Minotaur Fighter)              Turns: 7659, Time: 00:29:42

Health: 0/81       AC:  9    Str: 22    XL:     9   Next: 10%
Magic:  8/8        EV: 10    Int:  5    God:
Gold:   346        SH:  5    Dex: 13    Spells: 8/8 levels left

rFire   . . .        a - +0 war axe
rCold   + . .        c - +0 buckler
rNeg    . . .        b - +0 scale mail
rPois   .            t - +0 hat
rElec   .            (no cloak)
rCorr   .            (no gloves)
SInv    .            w - +0 pair of boots
Will    .....        (no amulet) Stlth
                     i - ring of protection from cold
HPRegen 0.33/turn    (no ring)
MPRegen 0.11/turn

%: no passive effects
@: no status effects
A: horns 2, retaliatory headbutt
a: no special abilities


You were on level 6 of the Dungeon.
You visited 1 branch of the dungeon, and saw 6 of its levels.

You collected 346 gold pieces.

Inventory:

Hand Weapons
 a - a +0 war axe (weapon)
Missiles
 n - 2 silver javelins (quivered)
Armour
 b - a +0 scale mail (worn)
 c - a +0 buckler (worn)
 t - a +0 hat (worn)
 w - a +0 pair of boots (worn)
Jewellery
 i - a ring of protection from cold (left hand)
 r - a ring of magical power
 y - a ring of ice
Talismans
 m - a serpent talisman
Scrolls
 f - 6 scrolls of teleportation {unknown}
 g - 5 scrolls of identify {unknown}
 h - a scroll of enchant weapon {unknown}
 l - 2 scrolls of brand weapon {unknown}
 p - a scroll of vulnerability {unknown}
 q - a scroll of noise {unknown}
 v - a scroll of fear {unknown}
 z - a scroll of revelation {unknown}
Potions
 d - a potion of might
 e - 2 potions of invisibility
 j - a potion of enlightenment {unknown}
 k - a potion of berserk rage {unknown}
 o - a potion of curing {unknown}
 s - a potion of lignification {unknown}
 u - 2 potions of degeneration {unknown}
 x - a potion of attraction {unknown}
 A - a potion of heal wounds


   Skills:
 + Level 7.8 Fighting
 + Level 8.6 Axes
 + Level 0.8 Throwing
 + Level 8.8 Armour
 + Level 2.3 Dodging
 + Level 1.4 Stealth
 + Level 5.1 Shields


You had 8 spell levels left.
You didn't know any spells.
Your spell library contained the following spells:

 Spells                   Type           Power      Damage    Failure   Level
 Kiss of Death            Conj/Necr      0%         2d5       83%         1
 Jinxbite                 Hex            0%         N/A       92%         2
 Confusing Touch          Hex            0%         N/A       99%         3
 Tukima's Dance           Hex            0%         N/A       99%         3
 Dimensional Bullseye     Hex/Tloc       0%         N/A       100%        4
 Dispel Undead            Necr           0%         3d6       100%        4
 Iskenderun's Mystic Bla  Conj/Tloc      0%         2d3       100%        4
 Yara's Violent Unravell  Hex/Alch       0%         3d3       100%        5
 Enfeeble                 Hex            0%         N/A       100%        7


Dungeon Overview and Level Annotations

Branches:
Dungeon (6/15)
 Temple: D:4-7

Altars:
Wu Jian

Annotations:
D:6 2 transporters


Innate Abilities, Weirdness & Mutations

You have a pair of horns on your head.
You reflexively headbutt those who attack you in melee.


Message History

The orc moves out of view.
The orc shouts!
Things that are here:
a +0 short sword; a +0 robe A wight comes into view.
It is wielding a +4 halberd.
An orc comes into view. It is wielding a +0 short sword.
The orc priest invokes the aid of Beogh against you.
Beogh smites you!
The orc priest mumbles some strange prayers to Beogh against you.
Beogh smites you!
A centaur comes into view.
The centaur shouts!
The centaur wields a +0 orcbow.
The centaur shoots an arrow.
The arrow hits you.
The centaur shoots an arrow.
The arrow barely misses you.
An iguana comes into view.
The centaur shoots an arrow.
The arrow misses you.
An orc comes into view. It is wielding a +0 hand axe.
Found a stone staircase leading down.
The centaur shoots an arrow.
The arrow hits you!
The centaur shoots an arrow.
The arrow barely misses you.
Found a helmet.
The centaur shoots an arrow.
The arrow hits you. The iguana closely misses you.
The centaur shoots an arrow.
You block the arrow. The iguana bites you.
The centaur unwields a +0 orcbow.
The centaur hits you.
The centaur kicks you but does no damage.
You closely miss the centaur. You headbutt the centaur!
The centaur is heavily wounded.
You hit the iguana.
The centaur hits you but does no damage.
The centaur closely misses you.
The centaur hits you but does no damage.
The centaur misses you. The iguana bites you!
You slash the centaur! You headbutt the centaur.
You kill the centaur!
You hit the iguana but do no damage. The iguana bites you!
* * * LOW HITPOINT WARNING * * *
The orc priest mumbles some strange prayers to Beogh against you.
Beogh smites you!
* * * LOW HITPOINT WARNING * * *
The iguana attacks as it pursues you! The iguana bites you!
You die...

.........#######
######...# ## #...#
####...#
+....###########
###..# #.......# #
#.## #.......#
.###.###o####.......#
......).ooo..o.l@...#
....o##..####.z.....#
.... #.## #.......#
... ...# #.......# ##
##### ###.#.### #.>[#
##.## .#


You could see an iguana, a wight, an orc priest and 2 orcs.

Vanquished Creatures
  A water moccasin (D:6)
  2 black bears
  3 ogres
  A centaur (D:6)
  A phantom (D:5)
  A bullfrog (D:6)
  7 scorpions
  5 wights (D:6)
  A bombardier beetle (D:4)
  2 jellies (D:6)
  5 orc priests
  3 hounds
  Natasha (twice) (D:2)
  3 iguanas
  5 orc wizards
  Robin (D:2)
  A gnoll (D:1)
  4 adders
  A shadow imp (D:6)
  2 dart slugs
  A ribbon worm (D:5)
  15 orcs
  8 endoplasms
  2 giant cockroaches (D:1)
  13 goblins
  8 hobgoblins
  5 quokkas
  8 ball pythons
  7 bats
  4 frilled lizards
  7 kobolds
  7 rats
136 creatures vanquished.

Notes
Turn   | Place    | Note
-------+----------+-------------------------------------------
     0 | D:1      | Fodor the Minotaur Fighter began the quest for the Orb.
     0 | D:1      | Reached XP level 1. HP: 19/19 MP: 0/0
   157 | D:1      | Reached XP level 2. HP: 25/27 MP: 1/1
   486 | D:1      | Reached XP level 3. HP: 33/33 MP: 2/2
   914 | D:1      | Upgraded the game from 0.31.0-4-g52a2dc7128 to
                  | 0.31.0-7-gf635a9b802
  1541 | D:2      | Noticed Natasha
  1554 | D:2      | HP: 1/33 [cerulean imp/+1 spear[Natasha] (1)]
  1564 | D:2      | Killed Natasha
  1565 | D:2      | Reached XP level 4. HP: 19/40 MP: 3/3
  1644 | D:2      | You fall into a shaft and drop 2 floors!
  1784 | D:2      | Noticed Robin
  1796 | D:2      | Killed Robin
  1797 | D:2      | Reached skill level 5 in Armour
  2098 | D:2      | Noticed Natasha
  2105 | D:2      | Killed Natasha
  2443 | D:3      | Reached XP level 5. HP: 47/47 MP: 4/4
  3303 | D:4      | Reached skill level 1 in Dodging
  3493 | D:4      | Reached skill level 5 in Fighting
  3493 | D:4      | Reached XP level 6. HP: 49/56 MP: 5/5
  4176 | D:4      | Reached skill level 5 in Axes
  4592 | D:4      | Reached XP level 7. HP: 24/61 MP: 6/6
  5240 | D:5      | Entered Level 5 of the Dungeon
  5488 | D:5      | Reached XP level 8. HP: 70/70 MP: 7/7
  6452 | D:6      | Reached skill level 1 in Stealth
  6594 | D:6      | Found a transporter.
  6752 | D:6      | Found a transporter.
  7212 | D:6      | Reached skill level 5 in Shields
  7390 | D:6      | Reached XP level 9. HP: 65/79 MP: 8/8
  7403 | D:6      | Noticed a two-headed ogre
  7544 | D:6      | Found an ornate altar of the Wu Jian Council.
  7659 | D:6      | Slain by an iguana

Illustrated notes

Levels and vault maps discovered:
D:1:      kilobyte_arrival_exit_the_forest, layout_basic
D:2:      layout_loops_ring, serial_forest, infiniplex_forest_lined_2,
          infiniplex_forest_fountain, infiniplex_forest_join,
          infiniplex_forest_clump_long, infiniplex_forest_clump_double,
          infiniplex_forest_end_2, infiniplex_forest_diagonal,
          infiniplex_forest_clump_diagonal, uniq_robin, uniq_natasha
D:3:      layout_loops_ring, kennysheep_cross_room,
          chequers_serial_rivers_large_b
D:4:      minmay_skewed_foursquare, layout_basic
D:5:      layout_loops_ring
D:6:      gammafunk_steamed_eel, layout_loops_corners, lemuel_doored_altar,
          kennysheep_little_box, serial_shops, nicolae_shop_peninsula,
          lightli_corner_chamber

Skill      XL: |  1  2  3  4  5  6  7  8 |
---------------+-------------------------+-----
Armour         | 4 5 6 7 8 |  8.8
Fighting       | 4 5 7 |  7.8
Shields        | 4 5 |  5.1
Axes           | 3 4 5 7 8 |  8.6
Dodging        | 1 2 |  2.3
Stealth        | 1 |  1.4
Throwing       | |  0.8

Action                     |  1- 3 |  4- 6 |  7- 9 || total
---------------------------+-------+-------+-------++-------
  Melee: War axe           |    72 |   156 |   137 ||   365
         Headbutt          |    12 |    19 |    31 ||    62
  Throw: Javelin           |       |     2 |     2 ||     4
    Use: Potion            |     2 |     1 |     1 ||     4
 Armour: Scale mail        |    66 |   159 |   121 ||   346
  Dodge: Dodged            |    33 |    59 |    52 ||   144
  Block: Buckler           |    20 |    26 |    36 ||    82
